 Dungeon Crawl Stone Soup version 0.21.0-24-g2553a33 (webtiles) character file.

1477 pstr the Digger (level 8, -2/64 HPs)
             Began as a Naga Earth Elementalist on Jan 19, 2018.
             Slain by an orc warrior
             ... wielding a +0 glaive
              (8 damage)
             ... on level 6 of the Dungeon.
             The game lasted 00:15:06 (6345 turns).

pstr the Digger (Naga Earth Elementalist)           Turns: 6345, Time: 00:15:07

Health: -2/64      AC: 10    Str: 16    XL:     8   Next: 79%
Magic:  1/17       EV: 10    Int: 21    God:
Gold:   180        SH:  0    Dex: 11    Spells: 15/19 levels left

rFire    . . .     SeeInvis +   B - +2 quarterstaff (chaos)
rCold    . . .     Gourm    .   (shield currently unavailable)
rNeg     . . .     Faith    .   t - +2 leather armour
rPois    +         Spirit   .   i - +2 hat
rElec    .         Reflect  .   l - +1 cloak
rCorr    .         Harm     .   (no gloves)
MR       +....                  (no barding)
Stlth    ++........             (no amulet)
HPRegen  0.20/turn              a - +6 ring of strength
MPRegen  0.15/turn              o - +2 ring of intelligence

@: drained, very slow
A: large, see invisible, deformed body, poison resistance, slowness 2, slow
metabolism 1, spit poison 1, AC +2
a: Spit Poison


You were on level 6 of the Dungeon.
You were not hungry.

You visited 1 branch of the dungeon, and saw 6 of its levels.

You collected 180 gold pieces.

Inventory:

Hand Weapons
 s - a +2 hand axe of flaming
 u - a -1 rapier
 B - a +2 quarterstaff of chaos (weapon)
Missiles
 b - 32 stones (quivered)
 j - 106 arrows
Armour
 c - a +0 robe
 i - a +2 hat (worn)
 l - a +1 cloak (worn)
 t - a +2 leather armour (worn)
Jewellery
 a - a +6 ring of strength (left hand)
 h - an uncursed ring of protection from fire
 o - a +2 ring of intelligence (right hand)
 z - an uncursed ring of stealth
Wands
 g - a wand of random effects (18)
 q - a wand of digging (17)
 C - a wand of polymorph (12)
Scrolls
 f - a scroll of immolation {unknown}
 n - a scroll of blinking
 p - a scroll of magic mapping {unknown}
 r - 3 scrolls of identify {unknown}
 v - 2 scrolls of amnesia {unknown}
 x - a scroll of teleportation {unknown}
 y - a scroll of fear {unknown}
 D - a scroll of remove curse
Potions
 k - a potion of cancellation
 m - 4 potions of flight {unknown}
 w - a potion of might {unknown}
 A - a potion of berserk rage {unknown}
 E - a potion of heal wounds {unknown}
 F - a potion of ambrosia {unknown}
 G - a potion of mutation {unknown}
Books
 e - a book of Geomancy

   Spells                             Type                      Level
   a - Sandblast                      Earth                        1
   b - Passwall                       Transmutation/Earth          2
   c - Stone Arrow                    Conjuration/Earth            3
   d - Petrify                        Transmutation/Earth          4
   e - Lee's Rapid Deconstruction     Earth                        5
Comestibles
 d - 10 rations
 H - a chunk of flesh


   Skills:
 + Level 1.4(1.3) Fighting
 + Level 1.4(1.3) Axes
 + Level 1.2 Armour
 + Level 2.0 Dodging
 + Level 4.3 Stealth
 + Level 6.1 Spellcasting
 + Level 3.0(2.9) Conjurations
   Level 1.0(0.9) Transmutations
 + Level 7.2 Earth Magic


You had 15 spell levels left.
You knew the following spells:

 Your Spells              Type           Power        Failure   Level  Hunger
a - Sandblast             Erth           #####.       1%          1    None
b - Stone Arrow           Conj/Erth      ####..       4%          3    ##.....


Dungeon Overview and Level Annotations

Branches:
Dungeon (6/15)
 Temple: D:4-7

Altars:
Wu Jian

Shops:
D:5 }!=%}


Innate Abilities, Weirdness & Mutations

You cannot wear boots.
Your serpentine skin is tough. (AC +2)
You have supernaturally acute eyesight. (SInv)
Armour fits poorly on your strangely shaped body.
Your system is resistant to poisons. (rPois)
You cover ground very slowly.
You have a slow metabolism.
You can spit poison.


Message History

Nothing appears to happen.
The orc warrior hits you from afar with a glaive!
You can't do that yet.
Casting: Sandblast
Confirm with . or Enter, or press ? or * to list all spells.
Aiming: Sandblast
Press: ? - help, Shift-Dir - straight line, f/p - orc warrior
Aim: an orc warrior, wielding a glaive and wearing a plate armour (severely wounded)
The blast of sand hits the orc warrior.
The orc warrior is severely wounded.
b - 32 stones You have got your breath back.
The orc warrior hits you from afar with a glaive!
* * * LOW HITPOINT WARNING * * *
It was a potion of cancellation.
You feel magically purged.
Your magical contamination has completely faded away.
The orc warrior hits you from afar with a glaive!
* * * LOW HITPOINT WARNING * * *
The orc warrior hits you from afar with a glaive!
You die...

....................'......#
.........#######....####...##...
###...##.# #....####<.......
#...##.# #................
#...##.# ##...#####...##...
###...##.## #....## #...# ..
..........#####.....# #...# .
...................# #####
###.......#####.@..####
..........#####.........
#..........o†oo....###..
#.##..##...####...##
..................#
..........o.......#
...................
.##..##........$.### #..
#.).####...#


You could see an orc warrior and an orc.

Vanquished Creatures
  Grinder (D:3)
  Edmund (D:5)
  Duvessa (D:5)
  2 phantoms
  An ogre (D:5)
  2 scorpions (D:4)
  Dowan (D:5)
  4 wights (D:5)
  A howler monkey (D:4)
  A crimson imp (D:5)
  2 orc priests (D:5)
  A bullfrog skeleton (D:4)
  A centaur skeleton (D:4)
  Crazy Yiuf (D:4)
  2 worker ants
  Ijyb (D:3)
  2 orc wizards
  2 hound skeletons
  4 adders
  A shadow imp (D:6)
  2 oozes
  2 worms (D:3)
  A dart slug (D:4)
  9 orcs
  3 ball pythons
  3 giant cockroaches
  6 hobgoblins
  2 jackals (D:2)
  4 kobolds
  A quokka (D:6)
  6 bats
  2 frilled lizards (D:2)
  10 goblins
  A jackal zombie (D:5)
  5 rats
89 creatures vanquished.

Notes
Turn   | Place    | Note
-------+----------+-------------------------------------------
     0 | D:1      | pstr the Naga Earth Elementalist began the quest for the Orb.
     0 | D:1      | Reached XP level 1. HP: 15/15 MP: 3/3
   289 | D:1      | Reached XP level 2. HP: 22/22 MP: 1/5
   996 | D:2      | Found an ornate altar of the Wu Jian Council.
  1191 | D:2      | Reached XP level 3. HP: 28/28 MP: 3/6
  1196 | D:2      | Learned a level 3 spell: Stone Arrow
  2018 | D:2      | You fall through a shaft!
  2059 | D:3      | Reached skill level 4 in Earth Magic
  2189 | D:3      | Reached XP level 4. HP: 36/36 MP: 0/8
  2508 | D:3      | Noticed Grinder
  2518 | D:3      | Killed Grinder
  2518 | D:3      | Reached skill level 5 in Earth Magic
  2518 | D:3      | Reached XP level 5. HP: 37/42 MP: 0/11
  2518 | D:3      | Reached XP level 6. HP: 43/49 MP: 0/12
  2534 | D:3      | Noticed Ijyb
  2755 | D:3      | Killed Ijyb
  2755 | D:3      | Reached skill level 1 in Conjurations
  3301 | D:4      | Noticed a phantom
  3309 | D:4      | Killed a phantom
  3309 | D:4      | Reached XP level 7. HP: 42/55 MP: 0/14
  3856 | D:4      | Reached skill level 1 in Axes
  4374 | D:4      | Found a runed door.
  4378 | D:4      | Noticed Crazy Yiuf
  4382 | D:4      | Killed Crazy Yiuf
  4382 | D:4      | Reached skill level 1 in Fighting
  4485 | D:5      | Entered Level 5 of the Dungeon
  4521 | D:5      | Reached skill level 6 in Earth Magic
  4604 | D:5      | Reached skill level 5 in Spellcasting
  4781 | D:5      | Reached XP level 8. HP: 46/64 MP: 11/15
  5099 | D:5      | Found Piogefeo's Distillery.
  5189 | D:5      | Noticed Edmund
  5197 | D:5      | Killed Edmund
  5251 | D:5      | Found Jiymme's Gadget Shoppe.
  5262 | D:5      | Found Najogi's Jewellery Boutique.
  5319 | D:5      | Found Lumper's Food Shop.
  5524 | D:5      | Found Karuatwi's Gadget Shop.
  5605 | D:5      | Reached skill level 7 in Earth Magic
  5779 | D:5      | Noticed Dowan
  5783 | D:5      | Noticed Duvessa
  5783 | D:5      | Killed Dowan
  5809 | D:5      | Killed Duvessa
  5809 | D:5      | Reached skill level 1 in Armour
  6345 | D:6      | Slain by an orc warrior

Skill      XL: |  1  2  3  4  5  6  7  8 |
---------------+-------------------------+-----
Earth Magic    | 4 5 6 7 |  7.2
Stealth        | 4 |  4.3
Spellcasting   | 4 5 6 |  6.1
Conjurations   | 1 2 3 |  3.0
Axes           | 1 |  1.4
Fighting       | 1 |  1.4
Armour         | 1 |  1.2
Dodging        | 2 |  2.0
Transmutations | |  1.0

Action                   |  1- 3 |  4- 6 |  7- 9 || total
-------------------------+-------+-------+-------++-------
Melee: Unarmed           |     3 |       |       ||     3
       Hand axe          |       |     3 |     4 ||     7
       Quarterstaff      |       |       |    10 ||    10
 Cast: Sandblast         |    38 |    25 |    49 ||   112
       Stone Arrow       |     4 |    16 |    49 ||    69
 Abil: Spit Poison       |     6 |    11 |    11 ||    28
  Use: Scroll            |       |       |     4 ||     4
       Potion            |       |       |     3 ||     3
  Eat: Chunk             |     4 |     4 |     5 ||    13
       Ration            |       |       |     2 ||     2
Armor: Robe              |     3 |     7 |     5 ||    15
       Leather armour    |       |       |    11 ||    11
Dodge: Dodged            |    18 |    13 |    24 ||    55
